 Dungeon Crawl Stone Soup version 0.21.1-1-g345015f (webtiles) character file.

865 Fang the Chopper (level 8, -2/49 HPs)
             Began as a Gargoyle Berserker on June 2, 2018.
             Was an Elder of Trog.
             Slain by a kobold (3 damage)
             ... on level 4 of the Dungeon.
             The game lasted 00:05:59 (3402 turns).

Fang the Chopper (Gargoyle Berserker)               Turns: 3402, Time: 00:06:00

Health: -2/49      AC:  9    Str: 21 (23) XL:     8   Next: 3%
Magic:  8/8        EV: 12    Int:  8      God:    Trog [****..]
Gold:   194        SH:  0    Dex:  9      Spells: 7/7 levels left

rFire    + . .     SeeInvis .   a - +0 hand axe
rCold    . . .     Gourm    +   (no shield)
rNeg     + . .     Faith    .   v - +0 leather armour {rF+}
rPois    ∞         Spirit   .   (no helmet)
rElec    +         Reflect  .   (no cloak)
rCorr    +         Harm     .   (no gloves)
MR       +....                  (no boots)
Stlth    +.........             q - amulet of the gourmand
HPRegen  0.16/turn              d - ring of resist corrosion
MPRegen  0.11/turn              f - ring of protection from magic

@: berserk cooldown, very slightly contaminated, slowed, invisible, very slow
A: blurry vision 1, deterioration 1, negative energy resistance 1, electricity
resistance, unbreathing, petrification resistance, rot immunity, AC +5
a: Berserk, Trog's Hand, Brothers in Arms, Burn Spellbooks, Renounce Religion


You were on level 4 of the Dungeon.
You worshipped Trog.
Trog was greatly pleased with you.
You were very hungry.

You visited 1 branch of the dungeon, and saw 4 of its levels.

You collected 194 gold pieces.

Inventory:

Hand Weapons
 a - a +0 hand axe (weapon)
Armour
 v - a +0 leather armour of fire resistance (worn)
Jewellery
 d - a ring of resist corrosion (left hand)
 f - a ring of protection from magic (right hand)
 k - an uncursed ring of ice
 q - an amulet of the gourmand (around neck)
Scrolls
 m - 2 scrolls of identify {unknown}
 n - 2 scrolls of enchant weapon {unknown}
 r - a scroll of remove curse {unknown}
 u - 2 scrolls of blinking {unknown}
Potions
 e - 3 potions of haste
 l - a potion of ambrosia
 t - 2 potions of might
Comestibles
 c - 12 rations


   Skills:
 + Level 5.3 Fighting
 + Level 6.2 Axes
 + Level 3.5 Armour
 + Level 3.4 Dodging
 + Level 1.6 Stealth


You had 7 spell levels left.
You didn't know any spells.

Dungeon Overview and Level Annotations

Branches:
Dungeon (4/15)
 Temple: D:4-7

Altars:
Cheibriados
Gozag
Sif Muna
Zin
The Shining One


Innate Abilities, Weirdness & Mutations

You are resistant to torment.
Your stone body is resilient. (AC +5)
You are immune to poison.
You resist negative energy. (rN+)
You are resistant to electric shocks. (rElec)
You can survive without breathing.
You are immune to petrification.
You are immune to rotting.
Scrolls take you a little longer to read.
Your body sometimes deteriorates upon taking damage.


Message History

The orc closely misses you. The orc priest barely misses you.
The kobold hits the bush but does no damage.
The orc priest hits you but does no damage.
You are very lightly contaminated with residual magic.
You hit the orc priest.
The orc priest is almost dead.
You hit the bush but do no damage. x2; The orc barely misses you.
The kobold hits the bush but does no damage.
The orc priest barely misses you.
The kobold hits the bush but does no damage.
The orc barely misses you.
You hit the orc priest.
You kill the orc priest!
Trog accepts your kill.
You have reached level 8!
You feel stronger.
You hit the bush but do no damage. x2
You hit the kobold but do no damage. You hit the bush but do no damage. x2
The kobold hits you.
You die...

#........# #........
#........#######........
#..............'........
#......##############...
#......# ##♣ ####
####'### ...P
#...#PPo.÷..
###.#P.÷..§÷ #.@Ko..§..
###P...... ##.÷... .≈.P
##P


You could see an orc priest, an orc and a kobold.

Vanquished Creatures
  The ghost of weezle the Digger, a novice GrEE (D:4)
  An ogre (D:3)
  A big kobold (D:4)
  Blork the orc (D:4)
  An orc priest (D:4)
  A hound (D:4)
  An orc wizard (D:4)
  A worker ant (D:4)
  A worker ant zombie (D:3)
  9 gnolls
  9 adders
  A white imp (D:4)
  2 oozes
  4 worms
  A dart slug (D:4)
  A leopard gecko (D:1)
  6 orcs
  A ball python (D:3)
  3 giant cockroaches
  12 hobgoblins
  6 jackals
  9 kobolds
  2 quokkas (D:2)
  5 bats
  4 frilled lizards
  8 goblins
  A goblin skeleton (D:4)
  2 goblin zombies (D:4)
  3 kobold skeletons (D:4)
  2 kobold zombies (D:4)
  3 orc skeletons (D:4)
  2 orc zombies (D:4)
  9 rats
114 creatures vanquished.

Vanquished Creatures (others)
  A worker ant (D:4)
1 creature vanquished.

Grand Total: 115 creatures vanquished

Notes
Turn   | Place    | Note
-------+----------+-------------------------------------------
     0 | D:1      | Fang the Gargoyle Berserker began the quest for the Orb.
     0 | D:1      | Reached XP level 1. HP: 14/14 MP: 1/1
   165 | D:1      | Reached XP level 2. HP: 19/19 MP: 2/2
   222 | D:1      | Reached skill level 3 in Axes
   448 | D:1      | Reached XP level 3. HP: 15/24 MP: 3/3
   698 | D:1      | Reached ** piety under Trog
  1011 | D:2      | Reached XP level 4. HP: 24/29 MP: 4/4
  1460 | D:2      | Found a glowing silver altar of Zin.
  1461 | D:2      | Found an opulent altar of Gozag.
  1821 | D:3      | Found a snail-covered altar of Cheibriados.
  1899 | D:3      | Reached XP level 5. HP: 12/33 MP: 5/5
  1961 | D:3      | Noticed an ogre
  1984 | D:4      | Reached *** piety under Trog
  1984 | D:4      | Reached skill level 4 in Axes
  2140 | D:3      | Killed an ogre
  2157 | D:3      | Reached XP level 6. HP: 35/39 MP: 6/6
  2335 | D:3      | Reached skill level 1 in Stealth
  2491 | D:3      | Found a deep blue altar of Sif Muna.
  2550 | D:4      | Noticed Blork the orc
  2563 | D:4      | Killed Blork the orc
  2586 | D:4      | Gained mutation: Your body sometimes deteriorates upon taking damage. [potion of mutation]
  2586 | D:4      | Gained mutation: You are frail. (-10% HP) [potion of mutation]
  2586 | D:4      | Gained mutation: Scrolls take you a little longer to read. [potion of mutation]
  2586 | D:4      | Lost mutation: You are frail. (-10% HP) [potion of mutation]
  2592 | D:4      | Noticed weezle's ghost (novice GrEE)
  2601 | D:4      | Killed weezle's ghost
  2601 | D:4      | Reached skill level 5 in Axes
  2601 | D:4      | Reached XP level 7. HP: 41/44 MP: 7/7
  3000 | D:4      | Found a glowing golden altar of the Shining One.
  3003 | D:4      | Reached skill level 5 in Fighting
  3180 | D:4      | Reached **** piety under Trog
  3383 | D:4      | Reached skill level 6 in Axes
  3398 | D:4      | HP: 2/44 [orc priest/trident (4)]
  3401 | D:4      | Reached XP level 8. HP: 1/49 MP: 8/8
  3402 | D:4      | Slain by a kobold

Skill      XL: |  1  2  3  4  5  6  7 |
---------------+----------------------+-----
Axes           | 3 4 5 6 |  6.2
Fighting       | 4 5 |  5.3
Dodging        | 2 3 |  3.4
Stealth        | 1 |  1.6
Armour         | 3 |  3.5

Action                   |  1- 3 |  4- 6 |  7- 9 || total
-------------------------+-------+-------+-------++-------
Melee: Hand axe          |   121 |   153 |   117 ||   391
Invok: Berserk           |       |     4 |     3 ||     7
  Use: Potion            |       |     7 |     1 ||     8
       Scroll            |       |     3 |       ||     3
 Stab: Sleeping          |     1 |     1 |       ||     2
       Invisible         |       |     1 |       ||     1
  Eat: Chunk             |       |    14 |     1 ||    15
Armor: Animal skin       |    42 |     2 |       ||    44
       Scale mail        |       |    10 |       ||    10
       Leather armour    |       |    46 |    58 ||   104
Dodge: Dodged            |    80 |   114 |   101 ||   295
